 Dungeon Crawl Stone Soup version 0.26-a0-602-gd42a14c23b (webtiles) character file.

Game seed: 9781626870952807782

4 ANON1729 the Sneak (level 1, 0/16 HPs)
             Began as an Octopode Delver on Aug 30, 2020.
             Slain by an orc
             ... wielding a +0 trident
              (9 damage)
             ... on level 4 of the Dungeon.
             The game lasted 00:00:29 (131 turns).

ANON1729 the Sneak (Octopode Delver)                 Turns: 131, Time: 00:00:30

Health: 0/16       AC:  1    Str: 11    XL:     1   Next: 60%
Magic:  1/1        EV: 13    Int: 12    God:
Gold:   13         SH:  0    Dex: 13    Spells: 0/0 levels left

rFire    . . .     SeeInvis .     - Unarmed
rCold    . . .     Faith    .   (no shield)
rNeg     . . .     Spirit   .   (helmet restricted)
rPois    .         Reflect  .   (no amulet)
rElec    .         Harm     .   (no ring)
rCorr    .                      (no ring)
MR       .....                  (no ring)
Stlth    ++++......             (no ring)
HPRegen  0.05/turn              (no ring)
MPRegen  0.07/turn              (no ring)
                                (no ring)
                                (no ring)

@: no status effects
A: almost no armour, stealthy swim, amphibious, 8 rings, constrict 8, camouflage
1, gelatinous body 1
a: no special abilities


You were on level 4 of the Dungeon.
You visited 1 branch of the dungeon, and saw 2 of its levels.

You collected 13 gold pieces.

Inventory:

Wands
 e - a wand of digging (3)
Scrolls
 a - a scroll of fog
 b - a scroll of magic mapping
 c - a scroll of fear
 f - a scroll of remove curse {unknown}
 g - a scroll of blinking {unknown}
Potions
 d - a potion of haste


   Skills:
 + Level 3.0 Fighting
 + Level 2.1 Dodging
 + Level 6.6 Stealth
 + Level 2.1 Unarmed Combat


You couldn't memorise any spells.
You didn't know any spells.
Your spell library was empty.

Dungeon Overview and Level Annotations

Branches:
Dungeon (5/15)
 Temple: D:4-7

Altars:


Innate Abilities, Weirdness & Mutations

You cannot wear most types of armour.
You are very stealthy in the water. (Stealth+)
You are amphibious.
You can wear up to eight rings at the same time.
You can use your tentacles to constrict eight enemies at once.
Your skin changes colour to match your surroundings (Stealth+).
Your rubbery body absorbs attacks. (AC +1, EV +1)


Message History

Found a pair of gloves.
An orc comes into view. It is wielding a +0 trident.
An orc is nearby!
The orc shouts!
You hear a shout!
An orc comes into view.
The orc hits you from afar with a +0 trident!
Ouch! That really hurt!
The orc moves out of view.
Found an escape hatch in the ceiling.
You are too injured to fight recklessly!
You are too injured to fight recklessly!
The orc barely misses you.
You tentacle-slap the orc but do no damage.
You grab the orc. You squeeze the orc, but do no damage. You constrict the orc.
The orc closely misses you.
You barely miss the orc.
The orc is lightly wounded.
You constrict the orc. The orc hits you with a +0 trident!
Ouch! That really hurt!
You die...

# #. #< ..##
#####.####.
.......
........##..
#.....##.# #.##..
.........
#.#...####.##.#...
#@#.#..o..........
#o#..o........##..
#.#####..##.####..
#...o........[##..
############..##..
#..##.. ##.##..
#...... #.....#


You could see an orc.

Vanquished Creatures
  2 orcs (D:4)
2 creatures vanquished.

Notes
Turn   | Place    | Note
-------+----------+-------------------------------------------
     0 | D:5      | ANON1729 the Octopode Delver began the quest for the Orb.
     0 | D:5      | Reached XP level 1. HP: 16/16 MP: 1/1
     2 | D:5      | Noticed a killer bee
     2 | D:5      | Noticed an iguana
     5 | D:5      | Noticed a killer bee
     5 | D:5      | Noticed a killer bee
   131 | D:4      | Slain by an orc

Illustrated notes

Levels and vault maps discovered:
D:4:      layout_basic
D:5:      layout_rooms, minmay_temple_entry_mist, makhleb_heckhound_becter

Action                   || total
-------------------------++-------
Melee: Unarmed           ||     6
       Constrict         ||     2
       Tentacles         ||     2
Dodge: Dodged            ||     4

Table legend: (Time is in decaauts)
 A = Elapsed time spent in this place.
 B = Non-inter-level travel time spent in this place.
 C = Inter-level travel time spent in this place.
 D = Time resting spent in this place.
 E = Time spent auto-exploring this place.
 F = Levels seen in this place.
 G = Mean time per level.
                   A        B        C        D        E       F      G
               +--------+--------+--------+--------+--------+-----+--------+
         Total |    130 |    130 |      0 |     12 |     63 |   2 |   65.0 |
       Dungeon |    130 |    130 |      0 |     12 |     63 |   2 |   65.0 |
               +--------+--------+--------+--------+--------+-----+--------+

Top non-repeatable levels by time:
     D:4: 123 daAuts
     D:5: 7 daAuts
